Map: Nightshade LE

Players

Gerald

  • Race: Protoss Protoss
  • Spawn Location: 11:00

TSGSolar (Solar) - Winner!

  • Race: Zerg Zerg
  • Spawn Location: 5:00

Event: StayAtHomestory Cup #1

VOD

Have the link to the VOD?

Description

Time

  • Played on: April 10, 2020, noon
  • Length: 8:33

All games in this series

Show
View Real Time Build Order
Export as new Build Order

Gerald Protoss 

Build Orders: 1 Gate Expand, Oracle Opening 

Get SALT Encoding   

  12  0:00  Probe  
  13  0:13  Probe  
  14  0:19  Pylon  
  14  0:25  Probe  
  14  0:27  Assimilator  
  15  0:37  Probe (Chrono Boost)  
  16  0:43  Gateway  
  16  0:47  Probe (Chrono Boost)  
  17  0:52  Probe (Chrono Boost)  
  18  1:04  Probe  
  19  1:16  Probe  
  20  1:24  Nexus  
  20  1:35  Cybernetics Core  
  20  1:37  Probe  
  21  1:45  Assimilator  
  21  1:49  Probe  
  21  1:52  Pylon  
  23  2:01  Probe  
  23  2:10  Adept (Chrono Boost)  
  23  2:11  Stargate  
  23  2:14  Probe  
  26  2:25  Warp Gate  
  26  2:26  Probe  
  27  2:31  Adept (Chrono Boost)  
  29  2:39  Probe  
  29  2:41  Probe  
  31  2:51  Probe  
  32  2:54  Probe, Oracle (Chrono Boost)  
  38  3:03  Probe  
  38  3:05  Stalker (Chrono Boost)  
  39  3:06  Probe  
  40  3:13  Pylon  
  40  3:15  Probe  
  40  3:18  Probe  
  42  3:25  Gateway  
  42  3:27  Probe  
  42  3:30  Probe  
  42  3:31  Assimilator  
  42  3:34  Oracle (Chrono Boost)  
  47  3:39  Probe  
  48  3:43  Probe  
  49  3:51  Probe  
  49  3:55  Probe  
  47  4:03  Probe  
  47  4:07  Probe  
  47  4:08  Oracle (Chrono Boost)  
  49  4:11  Assimilator  
  49  4:14  Gateway x2  
  49  4:15  Pylon  
  52  4:21  Forge  
  52  4:23  Adept  
  54  4:31  Pylon  
  54  4:33  Probe x2  
  54  4:37  Adept  
  58  4:44  Oracle  
  58  4:45  Probe  
  62  4:49  Probe  
  63  4:57  Probe  
  64  5:01  Probe, Protoss Ground Weapons Level 1 (Chrono Boost)  
  64  5:03  Adept x2  
  69  5:09  Probe  
  69  5:13  Nexus  
  70  5:14  Pylon x2  
  70  5:21  Gateway  
  70  5:22  Gateway  
  70  5:30  Twilight Council  
  70  5:32  Probe x2  
  70  5:33  Sentry x2  
  76  5:39  Oracle  
  79  5:44  Probe x2  
  79  5:47  Sentry, Stalker  
  85  5:56  Probe  
  86  6:01  Pylon  
  86  6:08  Blink (Chrono Boost)  
  86  6:17  Robotics Facility  
  86  6:19  Probe x2, Assimilator  
  86  6:21  Assimilator  
  86  6:22  Pylon  
  88  6:27  Probe  
  88  6:29  Stalker  
  88  6:31  Probe x2  
  92  6:37  Stalker x2  
  92  6:39  Probe  
  97  6:43  Probe x2  
  99  6:51  Probe  
  99  6:53  Gateway  
  100  6:55  Probe x2  
  100  6:56  Gateway  
  100  6:58  Pylon  
  100  7:01  Sentry x2  
  104  7:03  Probe, Stalker x2  
  104  7:06  Stalker  
  104  7:08  Probe x2  
  112  7:19  Stalker  
  87  7:31  Zealot x5  
  95  7:38  Probe  
  95  7:43  Stalker  
  90  7:48  Gateway, Stalker  
  90  7:49  Stalker x2  
  94  7:53  Pylon  
  94  7:55  Pylon  
  94  7:57  Zealot x4  
  79  8:09  Stalker  
  79  8:10  Stalker x2  
  79  8:11  Probe  
  80  8:14  Stalker  
  76  8:25  Zealot x3  
  76  8:26  Zealot  
Show
View Real Time Build Order
Export as new Build Order

TSGSolar Zerg - Winner!

Build Orders: Hatch First 

Get SALT Encoding   

  12  0:01  Drone  
  13  0:12  Overlord  
  13  0:16  Drone  
  14  0:31  Drone  
  15  0:37  Drone  
  16  0:47  Hatchery  
  15  0:51  Drone  
  15  0:54  Drone  
  17  0:57  Drone  
  18  1:09  Extractor  
  17  1:13  Spawning Pool  
  17  1:17  Drone  
  17  1:19  Drone  
  18  1:28  Drone  
  19  1:39  Drone  
  20  1:46  Hatchery  
  19  1:50  Drone  
  20  2:00  Queen  
  22  2:02  Zergling x2  
  23  2:11  Queen  
  25  2:18  Overlord  
  25  2:22  Drone  
  26  2:25  Drone  
  27  2:30  Metabolic Boost  
  27  2:32  Drone  
  28  2:38  Zergling x2  
  28  2:40  Drone  
  30  2:46  Queen  
  30  2:50  Drone x2  
  33  2:54  Drone  
  33  2:56  Drone  
  35  3:02  Queen  
  37  3:06  Overlord  
  37  3:09  Drone  
  37  3:12  Drone  
  39  3:13  Drone  
  39  3:15  Drone  
  41  3:25  Queen  
  41  3:26  Overlord  
  43  3:28  Drone  
  43  3:29  Zergling x2  
  45  3:34  Zergling x2  
  45  3:35  Zergling x4  
  45  3:38  Spore Crawler  
  45  3:40  Drone  
  47  3:43  Drone  
  47  3:47  Drone x2  
  50  3:52  Spore Crawler  
  50  3:55  Extractor  
  46  3:57  Spore Crawler  
  46  3:59  Drone  
  44  4:05  Overlord  
  44  4:06  Drone  
  44  4:08  Drone  
  44  4:09  Drone  
  48  4:11  Drone  
  48  4:13  Drone  
  48  4:16  Overlord  
  50  4:26  Drone, Roach Warren  
  50  4:27  Drone x2  
  50  4:30  Drone  
  52  4:31  Drone  
  52  4:38  Zergling x6  
  56  4:40  Extractor  
  56  4:41  Drone x2  
  56  4:43  Extractor  
  56  4:46  Lair  
  56  4:48  Drone x2  
  56  4:52  Drone x2  
  59  4:56  Overlord  
  59  4:59  Overlord  
  59  5:04  Drone x3  
  59  5:06  Drone x2  
  63  5:09  Zergling x2  
  63  5:10  Zergling x2  
  65  5:14  Queen  
  65  5:18  Overlord  
  65  5:20  Drone  
  68  5:21  Drone x2  
  68  5:26  Roach x2  
  73  5:29  Roach  
  73  5:32  Roach  
  73  5:34  Overlord  
  77  5:38  Roach x2  
  77  5:42  Zergling x8  
  85  5:48  Overlord  
  85  5:49  Roach x2  
  87  5:51  Overlord  
  87  5:56  Glial Reconstitution  
  87  6:00  Overseer  
  86  6:04  Queen x2  
  86  6:08  Zergling x6, Roach  
  92  6:13  Zergling x2, Roach x2  
  92  6:17  Zergling x6  
  100  6:19  Overlord  
  100  6:21  Ravager x3  
  100  6:23  Zergling x4  
  105  6:26  Zergling x4  
  105  6:31  Ravager  
  105  6:32  Zergling x8  
  111  6:33  Zergling x2  
  111  6:37  Overlord  
  111  6:39  Ravager  
  113  6:40  Zergling x2  
  113  6:41  Zergling x6  
  113  6:45  Overlord x2  
  117  6:49  Overlord  
  117  6:50  Overlord  
  117  6:53  Overlord  
  117  6:57  Ravager x2  
  119  7:01  Zergling x6  
  119  7:03  Overlord  
  119  7:05  Ravager  
  119  7:06  Queen  
  124  7:11  Zergling x4  
  124  7:12  Zergling x2  
  119  7:19  Zergling x6  
  119  7:21  Ravager  
  113  7:23  Zergling x2  
  113  7:27  Zergling x8  
  113  7:28  Ravager  
  112  7:32  Zergling x4  
  112  7:36  Zergling x2  
  114  7:37  Ravager  
  114  7:40  Roach x2  
  116  7:48  Zergling x2  
  115  7:52  Zergling x4  
  114  8:00  Zergling x4  
  113  8:06  Extractor  
  113  8:07  Zergling x2  
  112  8:13  Zergling x14  
Tags
 
Add a new tag
Caveats
  • Supply blocks, unpowered buildings, or Contaminate may cause inaccurate times.
  • Supply counts are checked every 10 seconds.